 Dungeon Crawl Stone Soup version 0.18-a0-1311-g779ca93 (webtiles) character file.

198 Foomius the Grave Robber (level 5, -6/42 HPs)
             Began as a Demonspawn Necromancer on Feb 13, 2016.
             Was an Initiate of Vehumet.
             Mangled by an ogre
             ... wielding a +0 giant club
              (28 damage)
             ... on level 4 of the Dungeon.
             The game lasted 00:14:54 (3090 turns).

Foomius the Grave Robber (Demonspawn Necromancer)   Turns: 3090, Time: 00:14:54

Health: -6/42      AC:  6    Str:  8    XL:     5   Next: 47%
Magic:  1/8        EV: 11    Int: 18    God:    Vehumet [......]
Gold:   116        SH:  0    Dex: 13    Spells: 4 memorised, 0 levels left

rFire  . . .     SeeInvis .     z - -2 mace (curse)
rCold  . . .     Gourm    .     B - +0 leather armour
rNeg   . . .     Faith    .     (no shield)
rPois  .         Spirit   .     (no helmet)
rElec  .         Dismiss  .     (no cloak)
rCorr  .         Reflect  .     m - +0 pair of gloves
SustAt .         Harm     .     t - +0 pair of boots
MR     .....                    (no amulet)
Stlth  +++.......               (no ring)
                                (no ring)

@: very slightly contaminated, not resistant to hostile enchantments, fairly
stealthy
A: molten scales 1, nightstalker 1
a: Renounce Religion


You were on level 4 of the Dungeon.
You worshipped Vehumet.
Vehumet was noncommittal.
You were not hungry.

You visited 1 branch of the dungeon, and saw 4 of its levels.

You collected 116 gold pieces.

Inventory:

Hand Weapons
 b - a +0 hunting sling
 g - a +0 dagger
 z - a cursed -2 mace (weapon)
 C - a -1 blowgun
 D - the +2 rapier "Yhip" {vamp, MR+ Str-4 Int+5 Dex+3, unknown}
   (You found it on level 4 of the Dungeon)

   It inflicts no extra harm, but heals its wielder somewhat when it strikes a
   living foe.
   It affects your strength (-4).
   It affects your intelligence (+5).
   It affects your dexterity (+3).
   It affects your resistance to hostile enchantments.
Missiles
 f - 53 stones (quivered)
 y - 32 poisoned needles
 A - 18 sling bullets of flame
Armour
 a - a +0 robe
 e - a +0 ring mail
 m - a +0 pair of gloves (worn)
 t - a +0 pair of boots (worn)
 B - a +0 leather armour (worn)
Jewellery
 o - an uncursed ring of resist corrosion
Scrolls
 k - a scroll of amnesia
 q - 2 scrolls of identify
 v - a scroll of magic mapping {unknown}
 x - a scroll of teleportation {unknown}
Potions
 d - 4 potions of curing
 h - 2 potions of ambrosia {unknown}
 r - 2 potions of agility {unknown}
 w - a potion of degeneration {unknown}
Books
 p - a book of Necromancy

   Spells                             Type                      Level
   a - Pain                           Necromancy                   1
   b - Animate Skeleton               Necromancy                   1
   c - Vampiric Draining              Necromancy                   3
   d - Regeneration                   Charms/Necromancy            3
   e - Animate Dead                   Necromancy                   4
   f - Control Undead                 Necromancy                   4
Comestibles
 c - 3 bread rations
 j - 8 fruits
 l - a meat ration
 E - a chunk of flesh


   Skills:
 - Level 4.0 Fighting
 + Level 2.0 Dodging
 - Level 1.7 Stealth
 + Level 2.1 Spellcasting
 + Level 5.5 Necromancy


You couldn't memorise any spells.
You knew the following spells:

 Your Spells              Type           Power        Failure   Level  Hunger
a - Pain                  Necr           ###.         2%          1    #......
b - Animate Skeleton      Necr           N/A          2%          1    #......
g - Regeneration          Chrm/Necr      ##........   28%         3    ###....
v - Vampiric Draining     Necr           ###.......   10%         3    ###....


Dungeon Overview and Level Annotations

Branches:
Dungeon (4/15)
 Temple: D:4-7

Altars:
Vehumet

Annotations:
D:3 Duffy's ghost, amateur FoFi
D:4 exclusion: statue


Innate Abilities, Weirdness & Mutations

You are partially covered in molten scales (AC +1).
You are slightly more attuned to the shadows.


Message History

Aim: an ogre, wielding a giant club (severely wounded, chance to defeat MR: 81%)
The ogre convulses in agony!
The ogre hits you with a giant club!!
* * * LOW HITPOINT WARNING * * *
You completely miss the ogre.
The ogre is severely wounded.
The ogre hits you with a giant club.
* * * LOW HITPOINT WARNING * * *
You aren't carrying any items that can be evoked.
Drink which item? (? for menu, Esc to quit)
You feel better.
Drink which item? (? for menu, Esc to quit)
You feel better. The ogre completely misses you.
You sock the ogre!
The ogre is almost dead.
The ogre closely misses you.
You closely miss the ogre.
The ogre is almost dead.
The ogre hits you with a giant club!!
Ouch! That really hurt!
You die...

<.# #§§# .###
##§§####
...######O§#...#
......##..######
.........##
........## ###
........# #.#
###.....#### #.##
#
###......#####@.#
##
##.........O###
.# ##........##
.## ##.........#
..###..#######.#
.......# ###
.####..# .# ##.#
.# #..#


You could see an ogre.

Vanquished Creatures
  An orc priest (D:3)
  Jessica (D:2)
  An orc wizard (D:3)
  A worker ant (D:4)
  3 adders
  2 oozes (D:2)
  A worm (D:2)
  2 giant geckos (D:1)
  5 orcs (D:3)
  3 giant cockroaches
  7 goblins
  6 hobgoblins
  5 kobolds
  A quokka (D:3)
  2 ball pythons
  6 bats
  3 giant newts
  2 rats
52 creatures vanquished.

Notes
Turn   | Place    | Note
--------------------------------------------------------------
     0 | D:1      | Foomius the Demonspawn Necromancer began the quest for the Orb.
     0 | D:1      | Reached XP level 1. HP: 13/13 MP: 3/3
    83 | D:1      | Reached skill level 1 in Fighting
   534 | D:1      | Gained mutation: You are partially covered in molten scales (AC +1). [demonic ancestry]
   534 | D:1      | Reached XP level 2. HP: 16/22 MP: 0/5
  1396 | D:2      | Reached XP level 3. HP: 25/28 MP: 1/6
  1401 | D:2      | Learned a level 3 spell: Vampiric Draining
  1890 | D:2      | Noticed Jessica
  1897 | D:2      | Killed Jessica
  1897 | D:2      | Gained mutation: You are slightly more attuned to the shadows. [demonic ancestry]
  1897 | D:2      | Reached XP level 4. HP: 33/35 MP: 4/7
  2097 | D:2      | Reached skill level 5 in Necromancy
  2261 | D:3      | Learned a level 3 spell: Regeneration
  2495 | D:3      | Noticed Duffy's ghost (amateur FoFi)
  2690 | D:3      | Reached XP level 5. HP: 24/42 MP: 0/8
  2832 | D:4      | Got a crude rapier
  2920 | D:4      | Found a radiant altar of Vehumet.
  2921 | D:4      | Noticed a frost-covered statue
  2926 | D:4      | Became a worshipper of Vehumet
  3027 | D:4      | Learned a level 1 spell: Animate Skeleton
  3048 | D:4      | Noticed an ogre
  3090 | D:4      | Mangled by an ogre

Vault maps used:
D:1:      erik_arrival_triangle_huge
D:2:      kennysheep_generic_room_10, uniq_jessica
D:3:      overflow_temple_1_default,
          nicolae_gozag_cash_rules_everything_around_me, ecumenical_altar_1,
          minivault_14
D:4:      nemelex_deck, vehumet_statue, first_bread, portal_sewer_entry_b,
          uniq_duvessa

Action                   |  1- 3 |  4- 6 || total
-------------------------+-------+-------++-------
Melee: Dagger            |     6 |       ||     6
       Unarmed           |     1 |       ||     1
       Mace              |       |    24 ||    24
 Fire: Hunting sling     |    16 |    30 ||    46
Throw: Stone             |    14 |       ||    14
 Cast: Pain              |    56 |    41 ||    97
       Vampiric Draining |       |     3 ||     3
  Use: Potion            |       |     3 ||     3
       Scroll            |       |     6 ||     6
  Eat: Chunk             |     4 |     4 ||     8
